 Dungeon Crawl Stone Soup version 0.21.0 (webtiles) character file.

170 Hekarica the Magician (level 5, -1/37 HPs)
             Began as a Mummy Fire Elementalist on May 23, 2018.
             Was a Follower of Nemelex Xobeh.
             Slain by an orc
             ... wielding a +0 mace
              (3 damage)
             ... on level 3 of the Dungeon.
             The game lasted 00:15:59 (3183 turns).

Hekarica the Magician (Mummy Fire Elementalist)     Turns: 3183, Time: 00:16:00

Health: -1/37      AC:  3    Str: 11    XL:     5   Next: 26%
Magic:  2/10       EV: 12    Int: 15    God:    Nemelex Xobeh [*.....]
Gold:   89         SH:  0    Dex: 13    Spells: 9/10 levels left

rFire    x . .     SeeInvis .   n - +1 short sword (elec)
rCold    + . .     Gourm    .   (no shield)
rNeg     + + +     Faith    .   c - +0 leather armour
rPois    ∞         Spirit   .   (no helmet)
rElec    .         Reflect  .   h - scarf {repulsion}
rCorr    .         Harm     +   (no gloves)
MR       .....                  (no boots)
Stlth    ++........             j - amulet of harm
HPRegen  0.12/turn              (no ring)
MPRegen  0.12/turn              (no ring)

@: very slightly contaminated, repel missiles
A: no food or potions, fire vulnerability, cold resistance 1, negative energy
resistance 3, torment resistance, unbreathing
a: Renounce Religion


You were on level 3 of the Dungeon.
You worshipped Nemelex Xobeh.
Nemelex Xobeh was aware of your devotion.
You were not hungry.

You visited 1 branch of the dungeon, and saw 3 of its levels.

You collected 89 gold pieces.

Inventory:

Hand Weapons
 g - a +0 short sword of freezing
 n - a +1 short sword of electrocution (weapon)
Armour
 c - a +0 leather armour (worn)
 h - a scarf of repulsion (worn)
Jewellery
 j - an amulet of harm (around neck)
Scrolls
 d - a scroll of remove curse
 e - a scroll of magic mapping
 f - a scroll of enchant armour {unknown}
Books
 b - a book of Flames

   Spells                             Type                      Level
   a - Flame Tongue                   Conjuration/Fire             1
   b - Throw Flame                    Conjuration/Fire             2
   c - Conjure Flame                  Conjuration/Fire             3
   d - Inner Flame                    Hexes/Fire                   3
   e - Sticky Flame                   Conjuration/Fire             4
   f - Fireball                       Conjuration/Fire             5
Miscellaneous
 a - a plain deck of summoning {drawn: 3}


   Skills:
 - Level 1.1 Fighting
 + Level 2.5 Dodging
 + Level 2.5 Stealth
 - Level 1.2 Unarmed Combat
 + Level 3.4 Spellcasting
 * Level 1.7 Conjurations
 + Level 2.6 Fire Magic


You had 9 spell levels left.
You knew the following spells:

 Your Spells              Type           Power        Failure   Level  Hunger
a - Flame Tongue          Conj/Fire      #....        11%         1    N/A

Dungeon Overview and Level Annotations

Branches:
Dungeon (3/15)

Altars:
Nemelex Xobeh


Innate Abilities, Weirdness & Mutations

You do not eat or drink.
Your flesh is vulnerable to fire.
You are immune to poison.
Your flesh is cold resistant. (rC+)
You are immune to negative energy. (rN+++)
You are immune to unholy pain and torment.
You can survive without breathing.


Message History

An orc comes into view. It is wielding a short sword of venom.
Casting: Flame Tongue
Confirm with . or Enter, or press ? or * to list all spells.
Aiming: Flame Tongue
Press: ? - help, Shift-Dir - straight line, f/p - orc priest
Aim: an orc priest, wielding a dagger and wearing a scale mail (moderately wounded)
The flame tongue hits the orc priest.
The orc priest appears unharmed.
The orc priest is moderately wounded.
The orc shouts!
The orc hits you but does no damage. The orc priest completely misses you.
A hobgoblin comes into view. It is wielding a club.
You closely miss the orc priest.
The orc priest is moderately wounded.
The orc hits you with a mace!
* * * LOW HITPOINT WARNING * * *
The orc priest hits you with a dagger.
* * * LOW HITPOINT WARNING * * *
The orc hits you with a mace.
You die...
Your body disappears without a glow.

...##.#
#.#
.#######.#
.)....#
#.# ##.
##.### #.#
## # .#
#.# # # #
#.# #.####
#....# .
####.##
..#
#.@.##...#
#..o......
#.oo#...##
##.##.###
#.# # #o#
#o. #g.
...


You could see an orc priest, 4 orcs and a hobgoblin.

Vanquished Creatures
  Natasha (twice) (D:2)
  A gnoll (D:3)
  3 adders (D:2)
  4 worms
  A dart slug (D:2)
  2 leopard geckos
  A ball python (D:2)
  2 giant cockroaches (D:1)
  4 goblins
  3 hobgoblins
  16 jackals
  6 kobolds
  A quokka (D:2)
  2 bats
  3 frilled lizards
  3 rats
54 creatures vanquished.

Vanquished Creatures (collateral kills)
  2 gnolls (D:3)
2 creatures vanquished.

Grand Total: 56 creatures vanquished

Notes
Turn   | Place    | Note
-------+----------+-------------------------------------------
     0 | D:1      | Hekarica the Mummy Fire Elementalist began the quest for the Orb.
     0 | D:1      | Reached XP level 1. HP: 13/13 MP: 4/4
   430 | D:1      | Reached XP level 2. HP: 19/19 MP: 2/5
  1556 | D:2      | Found a faded altar of an unknown god.
  1586 | D:2      | Learned a level 1 spell: Flame Tongue
  1591 | D:2      | Became a worshipper of Nemelex Xobeh the Trickster
  1591 | D:2      | Received a gift from Nemelex Xobeh
  1591 | D:2      | Reached * piety under Nemelex Xobeh
  1653 | D:2      | Noticed an insubstantial wisp
  1658 | D:2      | Reached skill level 1 in Unarmed Combat
  1658 | D:2      | Reached XP level 3. HP: 13/25 MP: 5/7
  1660 | D:2      | HP: 1/25 [insubstantial wisp[the player character] (10)]
  1990 | D:2      | Reached skill level 3 in Spellcasting
  2049 | D:2      | Noticed Natasha
  2057 | D:2      | Killed Natasha
  2057 | D:2      | Reached skill level 1 in Fighting
  2057 | D:2      | Reached XP level 4. HP: 32/32 MP: 2/8
  2120 | D:2      | Reached skill level 1 in Conjurations
  2327 | D:2      | Noticed Natasha
  2335 | D:2      | Killed Natasha
  2669 | D:3      | Reached XP level 5. HP: 12/37 MP: 1/10
  3182 | D:3      | HP: 1/37 [orc priest/dagger (1)]
  3183 | D:3      | Slain by an orc

Skill      XL: |  1  2  3  4 |
---------------+-------------+-----
Dodging        | 2 |  2.5
Stealth        | 2 |  2.5
Unarmed Combat | 1 |  1.2
Spellcasting   | 3 |  3.4
Fighting       | 1 |  1.1
Conjurations   | 1 |  1.7
Fire Magic     | |  2.6

Action                   |  1- 3 |  4- 6 || total
-------------------------+-------+-------++-------
Melee: Spear             |    41 |       ||    41
       Club              |     5 |       ||     5
       Unarmed           |     4 |       ||     4
       Dagger            |     9 |       ||     9
       Short sword       |    10 |    38 ||    48
 Cast: Flame Tongue      |    27 |    56 ||    83
Evoke: Deck              |     1 |     2 ||     3
  Use: Scroll            |     7 |     1 ||     8
 Stab: Sleeping          |     3 |       ||     3
Armor: Leather armour    |    15 |    11 ||    26
Dodge: Dodged            |    59 |    47 ||   106
       Deflected         |     1 |       ||     1
